cohdb
Replays
Latest Replays
All Replays
Popular Replays
Top Player Replays
Match Explorer
How It Works
Community
CoH3 Stats
Reddit
Sign in to upload your games and track your stats! →
Sign in with Steam
Match 40058012
Unlisted
Match 40058012
Overview
Messages
Build Orders
End
Selects Armored Battlegroup
Selects Assault Engineers
Assault Engineer Squad
Construct Weapon Support Center
Bazooka Squad
M1919 Machine Gun Team
Air Support Center
Bazooka Squad
Selects Fast Deploy
M3 Armored Personnel Carrier
Grasshopper Recon Run
P-47 Dive Bomb
Construct Medical Station
Assault Engineer Squad
P-47 Strafing Run
Construct Motor Pool
P-47 Dive Bomb
P-47 Strafing Run
P-47 Dive Bomb
Grasshopper Recon Run
M24 Chaffee Light Tank
Bazooka Squad
Selects M8 Scott SPG
Selects UNKNOWN (2160077)
Improved Aircraft Armor
Grasshopper Recon Run
killall
Nath88bk
哈基连
tulio AIKIDOKA tulio
Krooger
Max
0
0
Comments
sign in to comment!
No comments posted yet!